 Dungeon Crawl Stone Soup version 0.31.0-32-g396128a36d (webtiles) character file.

Game seed: 10540880187429527663

47103 Peloso the Fencer (level 14, -12/131 (132) HPs)
             Began as a Minotaur Fighter on Mar 21, 2024.
             Was the Champion of Okawaru.
             Mangled by an orc warlord
             ... wielding a +0 great sword
              (29 damage)
             ... on level 1 of the Orcish Mines.
             The game lasted 00:42:46 (16440 turns).

Peloso the Fencer (Minotaur Fighter)               Turns: 16440, Time: 00:42:47

HP:   -12/131 (132) AC: 35    Str: 22    XL:     14   Next: 7%
MP:   14/14         EV:  9    Int:  5    God:    Okawaru [******]
Gold: 1196          SH:  0    Dex: 14    Spells: 13/13 levels left

rFire   + . .        a - +5 scimitar (protect)
rCold   . . .        d - +2 buckler
rNeg    . . .        r - +2 plate armour {rF+}
rPois   .            (helmet restricted)
rElec   .            f - +2 cloak
rCorr   +            (no gloves)
SInv    .            C - +0 pair of boots of Levity {Regen+}
Will    +....        J - amulet of regeneration Stlth
                     I - ring of resist corrosion
HPRegen 2.01/turn    P - +4 ring of protection
MPRegen 0.14/turn

%: no passive effects
@: confused, ambrosia-drunk, under a protective aura, lightly drained
A: horns 2, retaliatory headbutt
a: Renounce Religion, Heroism, Finesse, Duel, Receive Weapon, Receive Armour


You were on level 1 of the Orcish Mines.
You worshipped Okawaru.
Okawaru was exalted by your worship.
You visited 4 branches of the dungeon, and saw 18 of its levels.
You also visited: Gauntlet.

You collected 1232 gold pieces.
You spent 36 gold pieces at shops.

Inventory:

Hand Weapons
 a - a +5 scimitar of protection (weapon)
Armour
 c - a +0 pair of boots
 d - a +2 buckler (worn)
 f - a +2 cloak (worn)
 r - a +2 plate armour of fire resistance (worn)
 C - the +0 pair of boots of Levity (worn) {Regen+}
   (You found it on level 5 of the Dungeon)

   Regen+:    It increases your rate of health regeneration.
 Q - the +0 cloak of Edidusoe {Str+6}
   (You found it in a Gauntlet)

   Str+6:     It affects your strength (+6).
 V - a +0 chain mail of willpower
Magical Staves
 b - a staff of fire
Jewellery
 k - a ring of positive energy
 n - a ring of fire
 w - an amulet of guardian spirit
 x - an amulet of the acrobat
 I - a ring of resist corrosion (left hand)
 J - an amulet of regeneration (around neck)
 O - a ring of willpower
 P - a +4 ring of protection (right hand)
 W - a ring of protection from cold
 X - the ring of Xom's Fair Game {Ice *Corrode rElec rN+}
   (You found it on level 1 of the Lair of Beasts)

   [ring of ice]

   Ice:       It enhances your ice magic.
   rF-:       It makes you vulnerable to fire.
   rC+:       It protects you from cold.
   rElec:     It insulates you from electricity.
   rN+:       It protects you from negative energy.
   *Corrode:  It may corrode you when you take damage.
Talismans
 D - a serpent talisman
 T - a storm talisman
Wands
 j - a wand of digging (6)
 t - a wand of flame (61)
 v - a wand of charming (34)
 L - a wand of mindburst (22)
 U - a wand of polymorph (3)
Scrolls
 g - 3 scrolls of amnesia
 l - 4 scrolls of teleportation
 m - 4 scrolls of fog
 q - a scroll of acquirement
 y - a scroll of brand weapon
 K - 6 scrolls of poison
 S - a scroll of revelation
Potions
 e - 3 potions of might
 h - 3 potions of enlightenment
 i - 6 potions of curing
 o - a potion of resistance
 p - 3 potions of cancellation
 s - a potion of ambrosia
 u - 3 potions of haste
 z - 2 potions of invisibility
 A - 2 potions of brilliance
 H - 2 potions of berserk rage
 Y - a potion of magic {unknown}


   Skills:
 + Level 14.2 Fighting
 + Level 16.6 Long Blades
 + Level 14.9 Armour
 + Level 4.1 Dodging
 + Level 2.0 Stealth
 + Level 13.3 Shields
 + Level 1.5 Invocations


You had 13 spell levels left.
You didn't know any spells.
Your spell library contained the following spells:

 Spells                   Type           Power      Damage    Failure   Level
 Apportation              Tloc           0%         N/A       99%         1
 Necrotise                Necr           0%         1d4       99%         1
 Sting                    Conj/Alch      0%         1d3       99%         1
 Jinxbite                 Hex            0%         N/A       100%        2
 Lesser Beckoning         Tloc           0%         N/A       100%        2
 Mercury Vapours          Alch/Air       0%         N/A       100%        2
 Confusing Touch          Hex            0%         N/A       100%        3
 Gell's Gravitas          Tloc           0%         N/A       100%        3
 Mephitic Cloud           Conj/Alch/Air  0%         N/A       100%        3
 Teleport Other           Tloc           0%         N/A       100%        3
 Olgreb's Toxic Radiance  Alch           0%         N/A       100%        4
 Metabolic Englaciation   Hex/Ice        0%         N/A       100%        5
 Silence                  Hex/Air        0%         N/A       100%        5
 Yara's Violent Unravell  Hex/Alch       0%         3d3       100%        5
 Dispersal                Tloc           0%         N/A       100%        6
 Enfeeble                 Hex            0%         N/A       100%        7
 Summon Small Mammal      Summ           Unusable   N/A       N/A         1
 Summon Lightning Spire   Summ/Air       Unusable   N/A       N/A         4

Dungeon Overview and Level Annotations

Branches:
Dungeon (12/15)            Temple (1/1) D:4            Lair (3/5) D:9
  Swamp (0/4) Lair:2       Spider (0/4) Lair:2          Orc (2/2) D:10
Gauntlet (visited)
    Elf: Orc:2

Altars:
Ashenzari
Cheibriados
Dithmenos
Elyvilon
Fedhas
Gozag
Hepliaklqana
Kikubaaqudgha
Makhleb
Nemelex Xobeh
Okawaru
Qazlal
Ru
Sif Muna
Trog
Uskayaw
Vehumet
Wu Jian
Xom
Yredelemnul
Zin
The Shining One

Shops:
D:7 =   D:12 *:


Innate Abilities, Weirdness & Mutations

You have a pair of horns on your head.
You reflexively headbutt those who attack you in melee.


Message History

You headbutt the orc warlord, but do no damage.
The orc warlord is moderately wounded.
The orc warlord hits you with a +0 great sword!
* * * LOW HITPOINT WARNING * * *
You hit the orc warlord but do no damage.
You headbutt the orc warlord, but do no damage.
The orc warlord is moderately wounded.
The orc warlord hits you with a +0 great sword!!
* * * LOW HITPOINT WARNING * * *
You hit the orc warlord but do no damage.
You headbutt the orc warlord.
The orc warlord is moderately wounded.
You feel much better. You block the orc warlord's attack.
Unknown command.
You hit the orc warlord but do no damage.
You headbutt the orc warlord, but do no damage.
The orc warlord is moderately wounded.
The orc warlord hits you but does no damage.
Unknown command.
You hit the orc warlord but do no damage.
The orc warlord is moderately wounded.
You block the orc warlord's attack.
You hit the orc warlord but do no damage.
You headbutt the orc warlord, but do no damage.
The orc warlord is moderately wounded.
The orc warlord hits you with a +0 great sword!
* * * LOW HITPOINT WARNING * * *
You hit the orc warlord.
The orc warlord is moderately wounded.
You slash the orc warlord!
The orc warlord is moderately wounded.
The orc warlord hits you with a +0 great sword!!
* * * LOW HITPOINT WARNING * * *
Unknown command.
Okay, then.
Okay, then.
You are confused.
You feel invigorated.
The orc warlord hits you with a +0 great sword!!
You die...

##....#............####
#....##...........####
##...##...........##.##
##...##............#...#
#...#.............##..##
##....................#
##.....#..............##
###.......)............##
##.##.##..[)<@o......#...#
#...###..)[)[[..........##
##....#.................##
##....#.................#
##...####.###...##......##
#....#......#...#......#.##
##^###......#.............#
### #......#...##...#....#
#......#...##...###.##


You could see an orc warlord (strong).

Vanquished Creatures
  An orc warlord (D:10)
  A minotaur (Gauntlet)
  A blizzard demon (Gauntlet)
  A boulder beetle (D:12)
  3 two-headed ogres
  An orc high priest (D:10)
  2 thrashing horrors (Gauntlet)
  An arcanist (D:11)
  3 deep elf pyromancers
  5 orc knights (D:10)
  An orc sorcerer (Orc:2)
  An ugly thing (D:12)
  A moth of wrath (Gauntlet)
  2 manticores
  4 elephants
  A cyclops (D:12)
  2 black mambas
  4 kobold blastminers
  4 unseen horrors
  2 gargoyles (D:12)
  11 cane toads
  Maggie (D:6)
  6 komodo dragons
  2 kobold demonologists
  2 rime drakes
  2 ice devils (Gauntlet)
  3 trolls (D:10)
  A hornet (D:8)
  Grinder (D:6)
  A raiju (Gauntlet)
  12 blink frogs
  2 wraiths (D:12)
  4 wyverns
  30 yaks
  7 redbacks
  2 basilisks
  6 steam dragons
  3 wargs
  4 vampire mosquitoes (Lair:2)
  6 swamp worms
  3 small abominations (Gauntlet)
  Edmund (D:6)
  2 acid dragons
  6 water moccasins
  Duvessa (D:4)
  6 black bears
  19 orc warriors
  An ice beast (D:7)
  3 ogres (D:10)
  8 centaurs
  21 wolves
  A phantom (D:5)
  4 kobold brigands
  11 bullfrogs
  3 gnoll sergeants
  4 scorpions
  21 wights
  Dowan (D:4)
  11 killer bees
  4 howler monkeys
  An electric eel (Lair:1)
  3 centaur zombies (D:7)
  A bullfrog zombie (D:7)
  2 hounds
  12 orc priests
  2 bombardier beetles
  3 jellies
  Ijyb (D:4)
  Terence (D:2)
  2 gnoll boudas
  A sleepcap (D:5)
  2 iguanas (D:5)
  12 orc wizards
  6 hell rats (Lair:2)
  A killer bee zombie (D:7)
  21 gnolls
  5 adders
  3 shadow imps
  3 white imps
  A dart slug (D:1)
  A ribbon worm (D:2)
  80 orcs
  2 ball pythons
  6 endoplasms
  4 giant cockroaches
  6 goblins
  6 hobgoblins
  3 quokkas
  3 bats (D:1)
  4 frilled lizards
  39 kobolds
  7 rats
522 creatures vanquished.

Vanquished Creatures (others)
  An orc (Orc:1)
1 creature vanquished.

Grand Total: 523 creatures vanquished

Notes
Turn   | Place    | Note
-------+----------+-------------------------------------------
     0 | D:1      | Peloso the Minotaur Fighter began the quest for the Orb.
     0 | D:1      | Reached XP level 1. HP: 19/19 MP: 0/0
   203 | D:1      | Reached XP level 2. HP: 18/27 MP: 1/1
   633 | D:2      | Reached XP level 3. HP: 33/33 MP: 2/2
   872 | D:2      | Reached skill level 3 in Long Blades
   976 | D:2      | Found a faded altar of an unknown god.
  1050 | D:2      | Reached XP level 4. HP: 39/41 MP: 3/3
  1160 | D:2      | Noticed Terence
  1184 | D:2      | Killed Terence
  1806 | D:3      | Reached skill level 5 in Fighting
  2498 | D:4      | Noticed a scorpion
  2508 | D:4      | Killed a scorpion
  2509 | D:4      | Reached XP level 5. HP: 33/48 MP: 4/4
  2610 | D:4      | Noticed Duvessa
  2626 | D:4      | Noticed Dowan
  2741 | D:4      | Killed Duvessa
  2742 | D:4      | Reached skill level 4 in Long Blades
  2742 | D:4      | Reached skill level 5 in Armour
  2742 | D:4      | Reached skill level 1 in Dodging
  2742 | D:4      | Reached XP level 6. HP: 34/56 MP: 5/5
  2752 | D:4      | Killed Dowan
  2921 | D:4      | Noticed Ijyb
  2943 | D:4      | Killed Ijyb
  3077 | D:4      | Found an ornate altar of the Wu Jian Council.
  3438 | D:4      | Reached skill level 5 in Long Blades
  3838 | D:4      | Found a staircase to the Ecumenical Temple.
  3878 | D:5      | Entered Level 5 of the Dungeon
  3973 | D:5      | Found a hazy altar of Hepliaklqana.
  3982 | Temple   | Entered the Ecumenical Temple
  3995 | Temple   | Became a worshipper of Warmaster Okawaru
  4157 | D:5      | Reached XP level 7. HP: 62/62 MP: 6/6
  4183 | D:5      | Identified the +0 pair of boots of Levity {Regen+}
  4420 | D:5      | Reached skill level 5 in Shields
  4723 | D:5      | Reached skill level 6 in Long Blades
  4869 | D:5      | Found a stormy altar of Qazlal.
  4917 | D:5      | Found a glowing golden altar of the Shining One.
  5180 | D:5      | Reached * piety under Okawaru
  5231 | D:5      | Reached XP level 8. HP: 14/65 MP: 7/7
  5482 | D:6      | Reached skill level 7 in Long Blades
  5520 | D:6      | Noticed Grinder
  5530 | D:6      | Paralysed by Grinder for 3 turns
  5546 | D:6      | Killed Grinder
  5612 | D:6      | Reached ** piety under Okawaru
  5671 | D:6      | Reached skill level 8 in Long Blades
  5736 | D:6      | Reached XP level 9. HP: 62/78 MP: 8/8
  5882 | D:6      | Reached skill level 1 in Stealth
  6204 | D:6      | Noticed Edmund
  6218 | D:6      | Killed Edmund
  6222 | D:6      | Reached skill level 9 in Long Blades
  6300 | D:6      | Noticed Maggie
  6313 | D:6      | Killed Maggie
  6313 | D:6      | Reached *** piety under Okawaru
  6663 | D:7      | Found a shadowy altar of Dithmenos.
  7022 | D:7      | Reached skill level 10 in Armour
  7163 | D:7      | Found Dacas's Jewellery Shop.
  7217 | D:7      | Reached skill level 10 in Long Blades
  7378 | D:7      | Reached XP level 10. HP: 89/89 MP: 9/9
  7568 | D:8      | Reached **** piety under Okawaru
  7910 | D:8      | Reached skill level 11 in Long Blades
  8046 | D:8      | You fall into a shaft and drop 2 floors!
  8046 | D:10     | Entered Level 10 of the Dungeon
  8055 | D:10     | Noticed an orange demon
  8232 | D:10     | Found a staircase to the Orcish Mines.
  8327 | D:10     | Found a sparkling altar of Nemelex Xobeh.
  8417 | D:10     | Reached ***** piety under Okawaru
  8418 | D:10     | Reached skill level 12 in Long Blades
  8696 | D:9      | Received a gift from Okawaru
  8707 | D:9      | Reached XP level 11. HP: 99/99 MP: 10/10
  8755 | D:9      | Found a staircase to the Lair.
  8913 | D:9      | Noticed a two-headed ogre
  8922 | D:9      | Killed a two-headed ogre
  8923 | D:9      | Reached skill level 10 in Fighting
  8923 | D:9      | Reached skill level 13 in Long Blades
 10011 | D:11     | Identified a scroll of acquirement
 10328 | D:11     | Noticed a deep elf pyromancer
 10329 | D:11     | Noticed an arcanist
 10336 | D:11     | Killed a deep elf pyromancer
 10336 | D:11     | Noticed a deep elf pyromancer
 10343 | D:11     | Killed an arcanist
 10355 | D:11     | Noticed a deep elf pyromancer
 10364 | D:11     | Killed a deep elf pyromancer
 10364 | D:11     | Received a gift from Okawaru
 10369 | D:11     | Noticed a two-headed ogre
 10378 | D:11     | Killed a two-headed ogre
 10389 | D:11     | Found a gate leading to a gauntlet.
 10393 | Gauntlet | Entered a Gauntlet
 10393 | Gauntlet | Found a transporter.
 10402 | Gauntlet | Found a transporter.
 10405 | Gauntlet | Found a transporter.
 10406 | Gauntlet | Found a transporter.
 10412 | Gauntlet | Found a runed translucent gate.
 10412 | Gauntlet | Found a runed translucent gate.
 10412 | Gauntlet | Found a runed translucent gate.
 10414 | Gauntlet | Found a transporter.
 10417 | Gauntlet | Found a transporter.
 10418 | Gauntlet | Found a transporter.
 10429 | Gauntlet | Found a transporter.
 10430 | Gauntlet | Found a transporter.
 10434 | Gauntlet | Found a transporter.
 10434 | Gauntlet | Noticed a thrashing horror
 10435 | Gauntlet | Noticed a thrashing horror
 10441 | Gauntlet | Found a transporter.
 10442 | Gauntlet | Found a transporter.
 10443 | Gauntlet | Found a transporter.
 10446 | Gauntlet | Found a runed translucent door.
 10448 | Gauntlet | Found a runed translucent door.
 10449 | Gauntlet | Noticed a blizzard demon
 10450 | Gauntlet | Found a transporter.
 10605 | Gauntlet | Reached skill level 14 in Long Blades
 10661 | Gauntlet | Reached skill level 1 in Invocations
 10694 | Gauntlet | Killed a thrashing horror
 10694 | Gauntlet | Received a gift from Okawaru
 10698 | Gauntlet | Reached XP level 12. HP: 103/108 MP: 9/11
 10742 | Gauntlet | Killed a blizzard demon
 10743 | Gauntlet | Reached skill level 10 in Shields
 10755 | Gauntlet | Identified the +0 cloak of Edidusoe {Str+6}
 10773 | Gauntlet | Noticed a minotaur
 10790 | Gauntlet | Killed a minotaur
 10798 | Gauntlet | Identified the orb of the Moon Troll {mayhem, Str+4 Int+3
                  | Earth}
 11007 | D:11     | Got Sif Muna's Octavo of Dhcmrlchtdj
 11014 | D:11     | Got the Catalogue of Combed Thunderclap
 11021 | D:11     | Got Qeovioh's Directory of Axaxaxas mlö
 11467 | Lair:1   | Entered Level 1 of the Lair of Beasts
 11517 | D:9      | Received a gift from Okawaru
 11669 | Lair:1   | Identified the ring of Xom's Fair Game {Ice *Corrode rElec
                  | rN+}
 11844 | Lair:1   | Reached skill level 15 in Long Blades
 12261 | Lair:2   | Received a gift from Okawaru
 12523 | Lair:2   | Reached XP level 13. HP: 109/117 MP: 13/13
 12685 | Lair:2   | Found a hole to the Spider Nest.
 12734 | Lair:2   | Found a staircase to the Swamp.
 12916 | Lair:2   | Reached ****** piety under Okawaru
 13249 | Lair:2   | Received a gift from Okawaru
 14248 | D:12     | Found Kousmy's Book Shoppe.
 14255 | D:12     | Received a gift from Okawaru
 14376 | D:12     | Reached skill level 16 in Long Blades
 14502 | D:12     | Found Xecalum's General Store.
 14531 | D:12     | Bought a scroll of identify for 36 gold pieces
 15014 | D:12     | Received a gift from Okawaru
 15300 | Orc:1    | Entered Level 1 of the Orcish Mines
 15745 | Orc:1    | Noticed an orc warlord
 15870 | D:10     | Killed an orc warlord
 15969 | D:10     | Received a gift from Okawaru
 16133 | D:10     | Reached XP level 14. HP: 88/132 MP: 14/14
 16387 | Orc:2    | Entered Level 2 of the Orcish Mines
 16390 | Orc:2    | Noticed an orc warlord
 16440 | Orc:1    | Mangled by an orc warlord

Illustrated notes

Levels and vault maps discovered:
D:1:      orjb1_lava_funnel, layout_rooms
D:2:      layout_loops_ring, hellmonk_ecumenical_altar_pennies_from_heaven,
          uniq_terence
D:3:      layout_basic, lexackson_kobold_supper
D:4:      dreamdust_elfheim, layout_cave_pools, nicolae_wu_jian_wuxing_cycle,
          minmay_temple_entry_from_below_a, columned_hall_lemuel,
          nicolae_concentric_dashed_squares_wild, uniq_duvessa, uniq_ijyb
D:5:      layout_loops_corners, mainiacjoe_overflow_cross_hatched,
          mainiacjoe_overflow_swirl
D:6:      hellmonk_crumbling_castle, layout_cave_pods, uniq_edmund, uniq_maggie,
          uniq_grinder
D:7:      layout_basic, nicolae_dithmenos_through_a_glass_darkly, serial_shops,
          shop, serial_undead, serial_undead_c, serial_undead_c,
          serial_undead_a, serial_undead_d
D:8:      minmay_weird_star, layout_basic
D:9:      layout_rooms, david_lair_generic
D:10:     layout_cave_pools, nemelex_diamond_rough_becter,
          minmay_orc_entry_guard_dogs, special_room [special_room_orc]
D:11:     layout_basic, gauntlet_entry_generic, bh_hangedman_babel_library
D:12:     layout_layer_cave, serial_shops, shop, nicolae_shop_stone,
          nrook_mini_vaults
Temple:   nicolae_temple_elliptical
Lair:1:   layout_big_grid, fungi_pond_lemuel, nicolae_quartered_pool_super,
          worms_lemuel
Lair:2:   layout_regular_city, minmay_swamp_entry_swarm, spider_nest_entry_webs
Lair:3:   layout_gridlike, chequers_serial_rivers_micro_a, grunt_megastairs_2,
          infiniplex_staircase_pool_2
Orc:1:    layout_caves, special_room [special_room_orc],
          ebering_ghost_rock_garden
Orc:2:    grunt_orc_cross, layout_caves

Skill      XL: |  1  2  3  4  5  6  7  8  9 10 11 12 13 |
---------------+----------------------------------------+-----
Fighting       | 4 5 6 8 9 10 12 14 | 14.2
Armour         | 4 5 7 8 10 11 12 13 14 | 14.9
Long Blades    | 3 4 5 6 8 10 12 14 15 16 | 16.6
Shields        | 4 5 6 7 9 11 13 | 13.3
Dodging        | 1 2 3 4 |  4.1
Stealth        | 1 2 |  2.0
Invocations    | 1 |  1.5

Action                     |  1- 3 |  4- 6 |  7- 9 | 10-12 | 13-15 || total
---------------------------+-------+-------+-------+-------+-------++-------
  Melee: Long sword        |    73 |   518 |   404 |       |       ||   995
         Headbutt          |     7 |   162 |    91 |   172 |   163 ||   595
         Scimitar          |       |       |     3 |   693 |   564 ||  1260
 Invoke: Heroism           |       |       |     1 |     6 |     2 ||     9
    Use: Scroll            |     1 |     4 |     1 |    16 |     8 ||    30
         Potion            |       |       |     1 |     1 |     2 ||     4
 Armour: Chain mail        |    52 |   141 |   235 |       |       ||   428
         Scale mail        |     3 |       |       |       |       ||     3
         Plate armour      |       |       |   121 |   663 |   507 ||  1291
  Dodge: Dodged            |    33 |    68 |   170 |   233 |   211 ||   715
  Block: Buckler           |    22 |    38 |   100 |   299 |   276 ||   735
